TOP OF THE 1ST |
Fresno HS Red Wings batting - Pitching for Bishop Verot HS : RHP Pete O'Connor
|
Pitching: RHP Pete O'Connor
|
|
Batting: RHB Chris Osborn
|
0-0: Ball 1-0: Called Strike 1-1: Ball 2-1: Called Strike 2-2: Foul Ball, location: 2F 2-2: Foul Ball, location: 2F 2-2: Foul Ball, location: 2F 2-2: Foul Ball, location: 2F 2-2: DOUBLE (Line Drive, 7LS)
|
Batting: RHB Ward Dempsey
|
0-0: Ball 1-0: SINGLE (Flyball, 9S) Chris Osborn to third
|
Batting: RHB Jack Hogan
|
0-0: Ball 1-0: Called Strike 1-1: SINGLE (Groundball, 4M) Chris Osborn scores Ward Dempsey to second
|
Batting: RHB Juan Bruno
|
0-0: Ball 1-0: Ball 2-0: Ball 3-0: Base on Balls Ward Dempsey to third Jack Hogan to second
|
Batting: LHB Jack Mitchell
|
0-0: Called Strike 0-1: Fly out, F7 (Line Drive, 78S)
|
Batting: RHB Bobby Burks
|
0-0: Called Strike 0-1: Swinging Strike 0-2: Ball 1-2: Strikes out swinging
|
Batting: LHB Julián Echevarría
|
0-0: Called Strike 0-1: SINGLE (Line Drive, 56) Ward Dempsey scores Jack Hogan to third Juan Bruno to second
|
Batting: RHB Drew Rice
|
0-0: Called Strike 0-1: Ball 1-1: Called Strike 1-2: Fly out, F7 (Flyball, 78M)
|
Top of the 1st over - 2 run(s), 4 hit(s), 0 error(s), 3 left on base; Fresno HS 2 - Bishop Verot HS 0 |
BOTTOM OF THE 1ST |
Bishop Verot HS batting - Pitching for Fresno HS Red Wings : RHP Sean Williams
|
Pitching: RHP Sean Williams
|
|
Batting: LHB Jim Hall
|
0-0: Ball 1-0: TRIPLE (Line Drive, 89M)
|
Batting: RHB Chris Seals
|
0-0: Ball 1-0: Called Strike 1-1: Ball 2-1: Swinging Strike 2-2: Ball 3-2: Foul Ball, location: 2F 3-2: Base on Balls
|
Batting: LHB Mitch Morales
|
0-0: Called Strike 0-1: Ball 1-1: Ball 2-1: Ball 3-1: Base on Balls Chris Seals to second
|
Batting: RHB Bob Fitzgerald
|
0-0: Swinging Strike 0-1: Ball 1-1: Fly out, F8 (Popup, 6MD) Runner from 3rd tags up, SCORES, throw made
|
Batting: LHB Pedro Padilla
|
0-0: Called Strike 0-1: Ball 1-1: Ball 2-1: Ball 3-1: SINGLE (Groundball, 34D) Chris Seals to third Mitch Morales to second Runner from 3rd tries for Home, SAFE, throw made home Mitch Morales to third Pedro Padilla to second
|
Batting: RHB Bill Ford
|
0-0: Ball Passed Ball! Mitch Morales scores Pedro Padilla to third 1-0: Fly out, F4 (Popup, 4MD)
|
Batting: RHB Carlos Sánchez
|
0-0: Ball 1-0: Ball 2-0: Fly out, F9 (Flyball, 9M)
|
Bottom of the 1st over - 3 run(s), 2 hit(s), 0 error(s), 1 left on base; Fresno HS 2 - Bishop Verot HS 3 |
TOP OF THE 2ND |
Fresno HS Red Wings batting - Pitching for Bishop Verot HS : RHP Pete O'Connor
|
Batting: RHB Harvey Willis
|
0-0: Ground out 6-3 (Groundball, 6M)
|
Batting: RHB Chris Osborn
|
0-0: Ball 1-0: Fly out, F6 (Popup, 6M)
|
Batting: RHB Ward Dempsey
|
0-0: Called Strike 0-1: Ball 1-1: Swinging Strike 1-2: Foul Ball, location: 2F 1-2: Ball 2-2: Ball 3-2: Base on Balls
|
Batting: RHB Jack Hogan
|
0-0: Ball Wild Pitch! Ward Dempsey to second 1-0: Reached on error, E5 (Groundball, 5) Ward Dempsey scores
|
Batting: RHB Juan Bruno
|
0-0: Called Strike 0-1: Swinging Strike 0-2: Ball 1-2: Foul Ball, location: 2F 1-2: Strikes out swinging
|
Top of the 2nd over - 1 run(s), 0 hit(s), 1 error(s), 1 left on base; Fresno HS 3 - Bishop Verot HS 3 |
BOTTOM OF THE 2ND |
Bishop Verot HS batting - Pitching for Fresno HS Red Wings : RHP Sean Williams
|
Batting: RHB George Lutz
|
0-0: Swinging Strike 0-1: SINGLE (Line Drive, 4D)
|
Batting: RHB Carson Allen
|
0-0: Fly out, F6 (Popup, 6M)
|
Batting: LHB Jim Hall
|
0-0: Ball 1-0: Fielders Choice at 2nd, 4-6 (Groundball, 4)
|
Batting: RHB Chris Seals
|
0-0: Called Strike Jim Hall is caught stealing 2nd base
|
Bottom of the 2nd over - 0 run(s), 1 hit(s), 0 error(s), 0 left on base; Fresno HS 3 - Bishop Verot HS 3 |
TOP OF THE 3RD |
Fresno HS Red Wings batting - Pitching for Bishop Verot HS : RHP Pete O'Connor
|
Batting: LHB Jack Mitchell
|
0-0: Ball 1-0: SOLO HOME RUN (Flyball, 9D), Distance : 370 ft
|
Batting: RHB Bobby Burks
|
0-0: Ball 1-0: Ball 2-0: Ball 3-0: Called Strike 3-1: Base on Balls
|
Batting: LHB Julián Echevarría
|
0-0: Ball 1-0: Ball 2-0: Ball 3-0: Base on Balls Bobby Burks to second
|
Batting: RHB Drew Rice
|
0-0: 3-RUN HOME RUN (Flyball, 7D), Distance : 367 ft
|
Batting: RHB Harvey Willis
|
0-0: Called Strike 0-1: Ball 1-1: Swinging Strike 1-2: Ball 2-2: Ball 3-2: Strikes out swinging
|
Batting: RHB Chris Osborn
|
0-0: Foul Ball, location: 2F 0-1: Ball 1-1: Ground out 6-3 (Groundball, 6)
|
Batting: RHB Ward Dempsey
|
0-0: Called Strike 0-1: Ball 1-1: Ball 2-1: Ball 3-1: Base on Balls
|
Batting: RHB Jack Hogan
|
0-0: Ball 1-0: Called Strike 1-1: Fly out, F9 (Line Drive, 9M)
|
Top of the 3rd over - 4 run(s), 2 hit(s), 0 error(s), 1 left on base; Fresno HS 7 - Bishop Verot HS 3 |
BOTTOM OF THE 3RD |
Bishop Verot HS batting - Pitching for Fresno HS Red Wings : RHP Sean Williams
|
Batting: RHB Chris Seals
|
0-0: Ball 1-0: Foul Ball, location: 2F 1-1: Fly out, F4 (Popup, 4MS)
|
Batting: LHB Mitch Morales
|
0-0: Foul Ball, location: 2F 0-1: Ball 1-1: Fly out, F9 (Flyball, 89M)
|
Batting: RHB Bob Fitzgerald
|
0-0: Called Strike 0-1: Called Strike 0-2: Strikes out looking
|
Bottom of the 3rd over - 0 run(s), 0 hit(s), 0 error(s), 0 left on base; Fresno HS 7 - Bishop Verot HS 3 |
TOP OF THE 4TH |
Fresno HS Red Wings batting - Pitching for Bishop Verot HS : RHP Pete O'Connor
|
Batting: RHB Juan Bruno
|
0-0: Ball 1-0: Ball 2-0: Ball 3-0: Called Strike 3-1: Called Strike 3-2: Ground out 6-3 (Groundball, 6M)
|
Pitching: RHP Tim Randell
|
|
Batting: LHB Jack Mitchell
|
0-0: Ball 1-0: Ball 2-0: Foul Ball, location: 2F 2-1: Ball 3-1: Fly out, F7 (Line Drive, 7M)
|
Batting: RHB Bobby Burks
|
0-0: Called Strike 0-1: Ground out 6-3 (Groundball, 6)
|
Top of the 4th over - 0 run(s), 0 hit(s), 0 error(s), 0 left on base; Fresno HS 7 - Bishop Verot HS 3 |
BOTTOM OF THE 4TH |
Bishop Verot HS batting - Pitching for Fresno HS Red Wings : RHP Sean Williams
|
Batting: LHB Pedro Padilla
|
0-0: Foul Ball, location: 2F 0-1: TRIPLE (Flyball, 8RM)
|
Batting: RHB Bill Ford
|
0-0: Swinging Strike 0-1: Ball 1-1: Swinging Strike 1-2: Ball 2-2: Foul Ball, location: 2F 2-2: Foul Ball, location: 2F 2-2: Ground out 6-3 (Groundball, 6) Pedro Padilla scores
|
Batting: RHB Carlos Sánchez
|
0-0: Called Strike 0-1: Swinging Strike 0-2: Strikes out swinging
|
Batting: RHB George Lutz
|
0-0: Called Strike 0-1: Called Strike 0-2: Strikes out looking
|
Bottom of the 4th over - 1 run(s), 1 hit(s), 0 error(s), 0 left on base; Fresno HS 7 - Bishop Verot HS 4 |
TOP OF THE 5TH |
Fresno HS Red Wings batting - Pitching for Bishop Verot HS : RHP Tim Randell
|
Batting: LHB Julián Echevarría
|
0-0: Ball 1-0: Foul Ball, location: 2F 1-1: Ball 2-1: Called Strike 2-2: Ball 3-2: Fly out, F5 (Popup, 25F)
|
Batting: RHB Drew Rice
|
0-0: Foul Ball, location: 2F 0-1: Fly out, F8 (Flyball, 8LM)
|
Batting: RHB Harvey Willis
|
0-0: Called Strike 0-1: Called Strike 0-2: SINGLE (Groundball, 6MD) (infield hit)
|
Batting: RHB Chris Osborn
|
0-0: Ball 1-0: Fielders Choice at 2nd, U6 (Groundball, 6M)
|
Top of the 5th over - 0 run(s), 1 hit(s), 0 error(s), 1 left on base; Fresno HS 7 - Bishop Verot HS 4 |
BOTTOM OF THE 5TH |
Bishop Verot HS batting - Pitching for Fresno HS Red Wings : RHP Sean Williams
|
Batting: RHB Carson Allen
|
0-0: Ball 1-0: SINGLE (Groundball, 56D)
|
Batting: LHB Jim Hall
|
0-0: Ball 1-0: Called Strike 1-1: Called Strike 1-2: Foul Ball, location: 2F 1-2: Ball 2-2: Foul Ball, location: 2F 2-2: Strikes out looking
|
Batting: RHB Chris Seals
|
0-0: Hit by Pitch Carson Allen to second
|
Batting: LHB Mitch Morales
|
0-0: Ball 1-0: Foul Ball, location: 2F 1-1: Ball Wild Pitch! Carson Allen to third Chris Seals to second 2-1: Ball 3-1: Swinging Strike 3-2: Strikes out looking
|
Batting: RHB Bob Fitzgerald
|
0-0: Ball 1-0: Ball 2-0: Ball 3-0: Base on Balls
|
Batting: LHB Pedro Padilla
|
0-0: Ball 1-0: Foul Ball, location: 2F 1-1: SINGLE (Line Drive, 34) Carson Allen scores Chris Seals to third Bob Fitzgerald to second Runner from 3rd tries for Home, SAFE, no throw or cutoff
|
Pitching: RHP Jake Gregory
|
|
Batting: RHB Bill Ford
|
0-0: Swinging Strike 0-1: SINGLE (Line Drive, 8RS) Bob Fitzgerald to third Pedro Padilla to second
|
Batting: RHB Carlos Sánchez
|
0-0: Foul Ball, location: 2F 0-1: Foul Ball, location: 2F 0-2: Strikes out swinging
|
Bottom of the 5th over - 2 run(s), 3 hit(s), 0 error(s), 3 left on base; Fresno HS 7 - Bishop Verot HS 6 |
TOP OF THE 6TH |
Fresno HS Red Wings batting - Pitching for Bishop Verot HS : RHP Tim Randell
|
Batting: RHB Ward Dempsey
|
0-0: SOLO HOME RUN (Flyball, 7D), Distance : 368 ft
|
Batting: RHB Jack Hogan
|
0-0: Ball 1-0: Swinging Strike 1-1: Ball 2-1: Foul Ball, location: 2F 2-2: Strikes out swinging
|
|
|
Monday, December 5th, 2016 - OOTP Baseball 17.12 Build 75
|
|